 Dungeon Crawl Stone Soup version 0.24.0-123-gd5b16e6ec5 (webtiles) character file.

Game seed: 15329765957011792844, levelgen mode: deterministic

959 vurker the Gusty (level 8, -1/46 HPs)
             Began as a Tengu Air Elementalist on Jan 31, 2020.
             Slain by Duvessa
             ... wielding a cursed -2 rapier
              (10 damage)
             ... on level 5 of the Dungeon.
             The game lasted 00:07:41 (6227 turns).

vurker the Gusty (Tengu Air Elementalist)           Turns: 6227, Time: 00:07:42

Health: -1/46      AC:  4    Str:  9    XL:     8   Next: 14%
Magic:  1/16       EV: 15    Int: 18    God:
Gold:   108        SH:  0    Dex: 14    Spells: 4/16 levels left

rFire    . . .     SeeInvis .   m - +0 dagger
rCold    . . .     Gourm    .   (no shield)
rNeg     . . .     Faith    .   a - +1 robe
rPois    .         Spirit   .   (helmet restricted)
rElec    .         Reflect  .   h - +0 cloak
rCorr    .         Harm     .   (no gloves)
MR       .....                  (boots unavailable)
Stlth    ++........             (no amulet)
HPRegen  0.15/turn              k - ring of wizardry
MPRegen  0.15/turn              (no ring)

@: flying quickly and evasively, quick
A: beak, talons 3, able to fly
a: Stop Flying


You were on level 5 of the Dungeon.
You were hungry.

You visited 1 branch of the dungeon, and saw 5 of its levels.

You collected 108 gold pieces.

Inventory:

Hand Weapons
 m - a +0 dagger (weapon)
   (You took it off a goblin on level 1 of the Dungeon)
Armour
 a - a +1 robe (worn)
 h - a +0 cloak (worn)
   (You took it off Crazy Yiuf on level 4 of the Dungeon)
Jewellery
 k - a ring of wizardry (left hand)
   (You found it on level 2 of the Dungeon)
Wands
 c - a wand of disintegration (11)
   (You found it on level 3 of the Dungeon)
 d - a wand of iceblast (6)
   (You found it on level 3 of the Dungeon)
Scrolls
 f - a scroll of fog
 s - 2 scrolls of remove curse
Potions
 b - a potion of mutation {unknown}
 g - a potion of haste {unknown}
 i - 3 potions of curing
 n - a potion of lignification {unknown}
 o - a potion of flight {unknown}
 p - a potion of invisibility {unknown}
 t - a potion of agility
Comestibles
 e - 6 rations


   Skills:
 + Level 3.1 Fighting
 - Level 2.1 Dodging
 - Level 2.0 Stealth
 * Level 4.8 Spellcasting
 * Level 6.3 Conjurations
 * Level 7.6 Air Magic


You had 4 spell levels left.
You knew the following spells:

 Your Spells              Type           Power        Failure   Level  Hunger
a - Shock                 Conj/Air       ####         1%          1    None
b - Lightning Bolt        Conj/Air       ####......   9%          5    ######.
c - Airstrike             Air            ####......   2%          4    ####...
w - Blink                 Tloc           N/A          9%          2    #......

Your spell library contained the following spells:

 Spells                   Type           Power        Failure   Level  Hunger
 Magic Dart               Conj           ####         1%          1    None
 Swiftness                Chrm/Air       ###.....     1%          2    #......
 Static Discharge         Conj/Air       ####....     1%          3    ###....
 Mephitic Cloud           Conj/Pois/Air  ###.....     2%          3    ###....
 Conjure Flame            Conj/Fire      ###.....     4%          3    ###....
 Call Imp                 Summ           #.......     9%          2    #......
 Slow                     Hex            #.......     9%          2    #......


Dungeon Overview and Level Annotations

Branches:
Dungeon (5/15)
 Temple: D:4-7

Altars:
Dithmenos
Sif Muna

Annotations:
D:5 Duvessa


Innate Abilities, Weirdness & Mutations

You have a beak for a mouth.
You have claws for feet.
You can fly continuously.


Message History

You destroy the quokka zombie!
Found a scroll of teleportation.
Duvessa and Dowan come into view.
Dowan shouts!
Duvessa shouts!
Duvessa drinks a potion.
Duvessa suddenly seems more agile.
Duvessa is too close now for your liking.
Aim: Duvessa, wielding a -2 rapier and wearing a +0 leather armour (unusually agile)
The zap hits Duvessa.
Aim: Duvessa, wielding a -2 rapier and wearing a +0 leather armour (lightly wounded, unusually agile)
The zap hits Duvessa.
The zap misses Duvessa.
The zap hits Duvessa!
The zap hits Duvessa.
You can't see that place. [a rock wall.]
Okay, then.
The zap misses Duvessa.
Dowan gestures at you while chanting. The puff of flame misses you.
Aim: Duvessa, wielding a -2 rapier and wearing a +0 leather armour (heavily wounded, unusually agile)
Okay, then.
Duvessa hits you with a cursed -2 rapier.
There is an open door here.
Aim: Duvessa, wielding a -2 rapier and wearing a +0 leather armour (heavily wounded, unusually agile)
The zap hits Duvessa but does no damage.
Duvessa hits you with a cursed -2 rapier!
Aim: Duvessa, wielding a -2 rapier and wearing a +0 leather armour (heavily wounded, unusually agile)
The zap misses Duvessa.
The zap hits Dowan.
Duvessa barely misses you.
Aim: Duvessa, wielding a -2 rapier and wearing a +0 leather armour (heavily wounded, unusually agile)
You hear a mighty clap of thunder!
The bolt of lightning misses Duvessa.
The bolt of lightning hits Dowan!!
You kill Dowan!
Duvessa weeps, then rights herself and shakes her weapon.
Duvessa goes berserk!
You hear a shout!
Duvessa hits you with a cursed -2 rapier.
Aim: Duvessa, wielding a -2 rapier and wearing a +0 leather armour (heavily wounded, berserk, fast, unusually strong, unusually agile)
You hear a mighty clap of thunder!
The bolt of lightning misses Duvessa.
You are feeling hungry.
You hear an angry hiss.
Duvessa is no longer unusually agile.
Duvessa barely misses you.
You don't have enough magic to cast that spell.
Duvessa hits you with a cursed -2 rapier.
Duvessa hits you with a cursed -2 rapier!
* * * LOW HITPOINT WARNING * * *
The mass of ice explodes!
The iceblast engulfs Duvessa!
Duvessa hits you but does no damage.
The mass of ice explodes!
The iceblast engulfs Duvessa!
Duvessa hits you with a cursed -2 rapier!
You die...

............. #................
#.......# #.....# #####......#
#.....# ...........# #.....#
........#..# #.....# ........##.#
#.....# ####### ......?.##.#
#.....# #.....# ........##.##
#.@...# #.###.#
........##..###.e...#######.#.#.#
...e....###.#.......#............
....e...# #.#.#.###.##......#...#
......### #...#.# #.##.#.####.###
...... ##..#)###.#.......#.###
#........#......##....
##.......#.####.######
#.......#.# #.# #


You could see Duvessa (berserk).

Vanquished Creatures
  Menkaure (D:4)
  Edmund (D:4)
  A phantom (D:5)
  2 ogres (D:4)
  A bullfrog (D:3)
  Dowan (D:5)
  A howler monkey (D:3)
  2 crimson imps (D:5)
  A hound (D:4)
  Crazy Yiuf (D:4)
  2 worker ants (D:4)
  3 gnolls (D:3)
  4 adders
  2 oozes
  A worm (D:3)
  5 leopard geckos
  9 bats
  7 giant cockroaches
  7 goblins
  6 hobgoblins
  5 jackals
  3 frilled lizards
  8 kobolds
  A leopard gecko skeleton (D:3)
  A quokka zombie (D:5)
  A rat (D:1)
77 creatures vanquished.

Notes
Turn   | Place    | Note
-------+----------+-------------------------------------------
     0 | D:1      | vurker the Tengu Air Elementalist began the quest for the
                  | Orb.
     0 | D:1      | Reached XP level 1. HP: 10/10 MP: 4/4
   270 | D:1      | Reached XP level 2. HP: 7/15 MP: 0/6
   768 | D:1      | Reached XP level 3. HP: 20/20 MP: 1/7
  1763 | D:2      | Found a shadowy altar of Dithmenos.
  2161 | D:2      | Reached XP level 4. HP: 24/24 MP: 5/9
  2228 | D:2      | Reached skill level 1 in Fighting
  2605 | D:3      | Noticed a bullfrog
  2630 | D:3      | Killed a bullfrog
  2630 | D:3      | Reached skill level 5 in Air Magic
  2630 | D:3      | Gained mutation: You can fly continuously. [Tengu growth]
  2630 | D:3      | Reached XP level 5. HP: 8/29 MP: 0/10
  2948 | D:3      | Learned a level 5 spell: Lightning Bolt
  2953 | D:3      | Learned a level 4 spell: Airstrike
  3126 | D:3      | Found a faded altar of an unknown god.
  3444 | D:3      | Reached XP level 6. HP: 24/35 MP: 3/12
  3896 | D:3      | Found a shimmering blue altar of Sif Muna.
  4162 | D:4      | Reached skill level 6 in Air Magic
  4564 | D:4      | Reached XP level 7. HP: 27/40 MP: 0/13
  4705 | D:4      | Found a runed translucent door.
  4706 | D:4      | Noticed Crazy Yiuf
  4757 | D:4      | Noticed Menkaure
  4767 | D:4      | Killed Menkaure
  4767 | D:4      | Reached skill level 5 in Conjurations
  5254 | D:4      | Noticed Edmund
  5268 | D:4      | Killed Edmund
  5268 | D:4      | Reached skill level 7 in Air Magic
  5763 | D:4      | Killed Crazy Yiuf
  5871 | D:5      | Entered Level 5 of the Dungeon
  6081 | D:5      | Reached XP level 8. HP: 46/46 MP: 6/16
  6085 | D:5      | Learned a level 2 spell: Blink
  6192 | D:5      | Noticed Duvessa
  6192 | D:5      | Noticed Dowan
  6221 | D:5      | Killed Dowan
  6227 | D:5      | Slain by Duvessa

Levels and vault maps discovered:
D:1:      dpeg_arrival_circle_labyrinth_c, layout_basic, minmay_octomino_j4
D:2:      layout_loops_corners, grunt_dithmenos_smoke_and_mirrors
D:3:      layout_basic, lemuel_blue_sif_altar,
          chequers_ecumenical_altar_simple_redux, dk_noncrumbling_4
D:4:      layout_basic, st_stairs_14, kennysheep_generic_room_6, uniq_edmund,
          uniq_crazy_yiuf_cottage, uniq_menkaure
D:5:      layout_basic, chequers_temple_overflow_statue_of_worship,
          minmay_temple_entry_arrows, first_ration, uniq_duvessa

Skill      XL: |  1  2  3  4  5  6  7 |
---------------+----------------------+-----
Conjurations   | 2 3 4 6 |  6.3
Fighting       | 1 2 3 |  3.1
Spellcasting   | 3 4 |  4.8
Air Magic      | 5 6 7 |  7.6
Dodging        | |  2.1
Stealth        | |  2.0

Action                   |  1- 3 |  4- 6 |  7- 9 || total
-------------------------+-------+-------+-------++-------
Melee: Unarmed           |    34 |       |       ||    34
       Kick              |     4 |     2 |     1 ||     7
       Peck              |     2 |       |     2 ||     4
       Dagger            |       |     4 |     7 ||    11
 Cast: Shock             |    60 |   104 |    36 ||   200
       Airstrike         |       |     5 |    12 ||    17
       Lightning Bolt    |       |       |     2 ||     2
 Abil: Fly               |       |     1 |       ||     1
Evoke: Wand              |       |       |     2 ||     2
  Use: Scroll            |       |     8 |     1 ||     9
  Eat: Chunk             |     5 |     7 |     1 ||    13
       Ration            |       |       |     2 ||     2
Armor: Robe              |    13 |     4 |     4 ||    21
Dodge: Dodged            |    36 |    34 |    14 ||    84
